1845 views
Uploaded 2023-09-06 13:29:37
Game version 1.36 (6115)
11:44 long 2on2 ladder game on (4)LostTemple_S2
Saved by GIGA
1845 views
Uploaded 2023-09-06 13:29:37
Game version 1.36 (6115)
11:44 long 2on2 ladder game on (4)LostTemple_S2


67 units @ 6.5k
/ 0.5k
34 buildings @ 5k
/ 2.6k


| Peasant | 7 | 525 | / | 0 |
| Footman | 9 | 1215 | / | 0 |
| Rifleman | 3 | 615 | / | 90 |
| Priest | 3 | 405 | / | 30 |
| Mortar Team | 2 | 360 | / | 140 |
| Sorceress | 1 | 155 | / | 20 |
| total: | 25 | 3275g | / | 280w |
| Scout Tower | 3 | 90 | / | 60 |
| Arcane Tower | 1 | 70 | / | 50 |
| Barracks | 1 | 160 | / | 60 |
| Altar of Kings | 1 | 180 | / | 50 |
| Farm | 7 | 560 | / | 140 |
| Lumber Mill | 1 | 120 | / | 0 |
| Blacksmith | 1 | 140 | / | 60 |
| Town Hall | 1 | 385 | / | 205 |
| Arcane Sanctum | 2 | 300 | / | 280 |
| Workshop | 1 | 140 | / | 140 |
| Keep | 1 | 320 | / | 210 |
| total: | 18 | 2075g | / | 995w |
| 0:03 | Peasant |
| 0:03 | Peasant |
| 0:03 | Peasant |
| 0:10 | Barracks |
| 0:20 | Altar of Kings |
| 0:36 | Farm |
| 0:46 | Peasant |
| 0:49 | Farm |
| 1:05 | Peasant |
| 1:12 | Footman |
| 1:31 | Scout Tower |
| 1:36 | Footman |
| 1:44 | Peasant |
| 1:47 | Farm |
| 2:11 | Arcane Tower |
| 2:12 | Footman |
| 2:18 | Summon Water Elemental |
| 2:27 | Footman |
| 3:00 | Brilliance Aura |
| 3:05 | Lumber Mill |
| 3:07 | Peasant |
| 3:08 | Footman |
| 4:02 | Keep |
| 4:04 | Footman |
| 4:20 | Footman |
| 4:37 | Farm |
| 4:41 | Blacksmith |
| 4:44 | Farm |
| 4:50 | Summon Water Elemental |
| 5:21 | Footman |
| 6:05 | Defend |
| 6:05 | Footman |
| 6:48 | Arcane Sanctum |
| 6:50 | Workshop |
| 6:54 | Long Rifles |
| 6:55 | Rifleman |
| 7:51 | Rifleman |
| 7:53 | Arcane Sanctum |
| 7:54 | Farm |
| 8:10 | Storm Bolt |
| 8:22 | Priest |
| 8:22 | Priest |
| 8:41 | Rifleman |
| 8:42 | Mortar Team |
| 8:42 | Mortar Team |
| 9:12 | Priest |
| 9:12 | Priest Adept Training |
| 9:17 | Sorceress |
| 9:21 | Brilliance Aura |
| 9:46 | Scout Tower |
| 9:48 | Improved Lumber Harvesting |
| 9:50 | Scout Tower |
| 10:33 | Farm |
| 11:21 | Town Hall |
| Right click | 491 |
| Select | 198 |
| Build/train/purchase | 89 |
| Misc. action | 29 |
| Select group | 19 |
| Assign group | 10 |
| Minimap ping | 6 |
| Use ability | 3 |


| Staff of Preservation | 1 | 150 |
| Potion of Healing | 1 | 150 |
| Moonstone | 1 | 50 |
| Scroll of Town Portal | 1 | 350 |
| total: | 4 | 700g |
| Wisp | 35 | 2100 | / | 0 |
| Archer | 5 | 650 | / | 50 |
| Druid of the Claw | 2 | 510 | / | 160 |
| total: | 42 | 3260g | / | 210w |
| Altar of Elders | 1 | 180 | / | 50 |
| Moon Well | 5 | 900 | / | 200 |
| Ancient of War | 1 | 150 | / | 60 |
| Ancient of Wonders | 1 | 90 | / | 30 |
| Tree of Life | 2 | 680 | / | 370 |
| Hunter's Hall | 1 | 210 | / | 100 |
| Ancient of Lore | 3 | 465 | / | 435 |
| Chimaera Roost | 2 | 280 | / | 380 |
| Tree of Ages | 1 | 320 | / | 180 |
| Tree of Eternity | 1 | 330 | / | 200 |
| total: | 16 | 2955g | / | 1625w |
| 0:01 | Wisp |
| 0:02 | Wisp |
| 0:02 | Wisp |
| 0:06 | Altar of Elders |
| 0:17 | Moon Well |
| 0:24 | Ancient of War |
| 0:30 | Wisp |
| 0:38 | Wisp |
| 0:58 | Wisp |
| 1:10 | Wisp |
| 1:20 | Wisp |
| 1:25 | Archer |
| 1:33 | Wisp |
| 1:54 | Moon Well |
| 1:57 | Wisp |
| 1:57 | Wisp |
| 2:04 | Wisp |
| 2:06 | Ancient of Wonders |
| 2:21 | Wisp |
| 2:24 | Wisp |
| 2:29 | Mana Burn |
| 3:03 | Wisp |
| 3:13 | Wisp |
| 3:13 | Archer |
| 3:17 | Evasion |
| 3:26 | Tree of Life |
| 3:32 | Archer |
| 3:56 | Tree of Ages |
| 4:20 | Archer |
| 4:39 | Archer |
| 4:46 | Hunter's Hall |
| 4:53 | Mana Burn |
| 5:16 | Moon Well |
| 6:07 | Wisp |
| 6:07 | Wisp |
| 6:07 | Wisp |
| 6:07 | Wisp |
| 6:21 | Ancient of Lore |
| 6:22 | Ancient of Lore |
| 6:24 | Tree of Eternity |
| 7:00 | Ancient of Lore |
| 7:36 | Druid of the Claw Adept Training |
| 7:53 | Frost Arrows |
| 8:07 | Scroll of Town Portal |
| 8:07 | Staff of Preservation |
| 8:08 | Potion of Healing |
| 8:10 | Moonstone |
| 8:15 | Druid of the Claw |
| 8:20 | Ultravision |
| 8:20 | Strength of the Wild |
| 8:21 | Wisp |
| 8:21 | Wisp |
| 8:45 | Druid of the Claw Master Training |
| 8:50 | Tree of Life |
| 8:54 | Wisp |
| 8:54 | Wisp |
| 8:55 | Wisp |
| 8:55 | Wisp |
| 9:37 | Mark of the Claw |
| 9:37 | Druid of the Claw |
| 9:49 | Moon Well |
| 9:50 | Moon Well |
| 10:41 | Chimaera Roost |
| 10:42 | Chimaera Roost |
| 10:42 | Wisp |
| 10:43 | Wisp |
| 10:43 | Wisp |
| 10:43 | Wisp |
| 11:31 | Wisp |
| 11:31 | Wisp |
| 11:31 | Wisp |
| 11:31 | Wisp |
| 11:31 | Wisp |
| Select group | 639 |
| Right click | 601 |
| Assign group | 217 |
| Select | 144 |
| Build/train/purchase | 76 |
| Chat | 21 |
| Use ability | 20 |
| Misc. action | 11 |
| Minimap ping | 8 |
| Item give/drop | 3 |
| Remove unit | 1 |
38 units @ 3.5k
/ 0k
54 buildings @ 5k
/ 2.4k
GIGA
(207)
(11:35) : 
| Healing Salve | 2 | 200 |
| Lesser Clarity Potion | 1 | 70 |
| Orb of Lightning | 1 | 375 |
| Boots of Speed | 1 | 250 |
| Staff of Teleportation | 1 | 150 |
| Circlet of Nobility | 1 | 175 |
| total: | 7 | 1220g |
| Peon | 11 | 825 | / | 0 |
| Grunt | 2 | 400 | / | 0 |
| total: | 13 | 1225g | / | 0w |
| Watch Tower | 10 | 1100 | / | 800 |
| Orc Burrow | 3 | 480 | / | 120 |
| Altar of Storms | 1 | 180 | / | 50 |
| Barracks | 1 | 180 | / | 50 |
| Voodoo Lounge | 2 | 260 | / | 60 |
| War Mill | 1 | 205 | / | 0 |
| Stronghold | 1 | 315 | / | 190 |
| Fortress | 1 | 325 | / | 190 |
| total: | 18 | 2405g | / | 1080w |
| 0:02 | Peon |
| 0:02 | Peon |
| 0:12 | Orc Burrow |
| 0:20 | Altar of Storms |
| 0:23 | Peon |
| 0:38 | Peon |
| 0:51 | Barracks |
| 0:58 | Peon |
| 1:07 | Peon |
| 1:32 | Voodoo Lounge |
| 1:38 | Peon |
| 1:38 | Peon |
| 1:53 | Grunt |
| 2:05 | Peon |
| 2:19 | Orc Burrow |
| 2:29 | Wind Walk |
| 2:39 | War Mill |
| 4:01 | Grunt |
| 4:02 | Peon |
| 4:02 | Peon |
| 4:07 | Watch Tower |
| 4:09 | Watch Tower |
| 4:11 | Watch Tower |
| 4:14 | Healing Salve |
| 4:14 | Lesser Clarity Potion |
| 4:50 | Stronghold |
| 5:20 | Watch Tower |
| 6:50 | Watch Tower |
| 6:51 | Watch Tower |
| 6:58 | Watch Tower |
| 7:07 | Critical Strike |
| 7:17 | Fortress |
| 7:18 | Reinforced Defenses |
| 8:30 | Watch Tower |
| 8:33 | Watch Tower |
| 8:37 | Orc Burrow |
| 8:43 | Voodoo Lounge |
| 8:45 | Spiked Barricades |
| 9:25 | Boots of Speed |
| 9:26 | Staff of Teleportation |
| 9:26 | Circlet of Nobility |
| 9:53 | Watch Tower |
| 10:31 | Healing Salve |
| 10:38 | Orb of Lightning |
| Right click | 612 |
| Select | 166 |
| Build/train/purchase | 40 |
| Select group | 18 |
| Use ability | 9 |
| Resource trade | 7 |
| Assign group | 5 |
| Misc. action | 4 |
| Minimap ping | 4 |
| Chat | 4 |
| Item give/drop | 1 |
| Esc | 1 |

| Peasant | 19 | 1425 | / | 0 |
| Footman | 6 | 810 | / | 0 |
| total: | 25 | 2235g | / | 0w |
| Scout Tower | 25 | 750 | / | 500 |
| Arcane Tower | 3 | 210 | / | 150 |
| Guard Tower | 11 | 770 | / | 550 |
| Altar of Kings | 1 | 180 | / | 50 |
| Barracks | 1 | 160 | / | 60 |
| Farm | 4 | 320 | / | 80 |
| Lumber Mill | 1 | 120 | / | 0 |
| Town Hall | 2 | 770 | / | 410 |
| Blacksmith | 1 | 140 | / | 60 |
| Workshop | 1 | 140 | / | 140 |
| Keep | 1 | 320 | / | 210 |
| total: | 36 | 2580g | / | 1300w |
| 0:01 | Peasant |
| 0:05 | Altar of Kings |
| 0:06 | Peasant |
| 0:18 | Barracks |
| 0:19 | Peasant |
| 0:32 | Farm |
| 0:33 | Peasant |
| 0:49 | Farm |
| 0:50 | Peasant |
| 1:03 | Peasant |
| 1:19 | Footman |
| 1:27 | Scout Tower |
| 1:32 | Footman |
| 1:35 | Peasant |
| 1:42 | Footman |
| 1:53 | Arcane Tower |
| 2:00 | Peasant |
| 2:19 | Farm |
| 2:23 | Footman |
| 2:29 | Lumber Mill |
| 3:00 | Scout Tower |
| 3:02 | Scout Tower |
| 3:05 | Scout Tower |
| 3:20 | Storm Bolt |
| 3:30 | Peasant |
| 3:36 | Guard Tower |
| 3:37 | Scout Tower |
| 3:38 | Scout Tower |
| 4:00 | Peasant |
| 4:04 | Guard Tower |
| 4:05 | Peasant |
| 4:08 | Scout Tower |
| 4:09 | Scout Tower |
| 4:14 | Scout Tower |
| 4:15 | Guard Tower |
| 4:43 | Arcane Tower |
| 4:45 | Scout Tower |
| 4:48 | Town Hall |
| 5:04 | Scout Tower |
| 5:16 | Guard Tower |
| 5:18 | Scout Tower |
| 5:18 | Scout Tower |
| 5:26 | Peasant |
| 5:26 | Peasant |
| 5:27 | Improved Lumber Harvesting |
| 5:28 | Peasant |
| 5:43 | Bash |
| 5:56 | Guard Tower |
| 5:57 | Scout Tower |
| 6:24 | Guard Tower |
| 6:46 | Peasant |
| 6:47 | Peasant |
| 6:57 | Footman |
| 6:57 | Footman |
| 7:09 | Guard Tower |
| 7:17 | Keep |
| 8:19 | Guard Tower |
| 8:20 | Scout Tower |
| 8:23 | Improved Masonry |
| 8:30 | Scout Tower |
| 8:30 | Scout Tower |
| 8:31 | Scout Tower |
| 8:32 | Scout Tower |
| 8:32 | Scout Tower |
| 8:36 | Town Hall |
| 9:03 | Scout Tower |
| 9:04 | Scout Tower |
| 9:05 | Scout Tower |
| 9:06 | Scout Tower |
| 9:06 | Scout Tower |
| 9:10 | Guard Tower |
| 9:12 | Guard Tower |
| 9:16 | Guard Tower |
| 9:43 | Peasant |
| 9:43 | Peasant |
| 9:53 | Farm |
| 10:10 | Arcane Tower |
| 10:28 | Peasant |
| 10:46 | Blacksmith |
| 11:35 | Workshop |
| Right click | 441 |
| Select | 204 |
| Select group | 64 |
| Build/train/purchase | 47 |
| Misc. action | 34 |
| Use ability | 11 |
| Assign group | 10 |
| Remove unit | 3 |
| Esc | 1 |
โ